 Dungeon Crawl Stone Soup version 0.32-a0-460-gc8eefc9 (webtiles) character file.

Game seed: 14298392286706380302

1243 Remcycle the Cleaver (level 8, -1/63 HPs)
             Began as a White Draconian Monk on Feb 24, 2024.
             Was a Priest of Okawaru.
             Slain by a gnoll sergeant
             ... wielding a +0 spear
              (9 damage)
             ... on level 6 of the Dungeon.
             The game lasted 00:16:11 (4966 turns).

Remcycle the Cleaver (White Draconian Monk)         Turns: 4966, Time: 00:16:12

Health: -1/63      AC:  6    Str: 15    XL:     8   Next: 25%
Magic:  8/8        EV: 13    Int: 11    God:    Okawaru [***...]
Gold:   893        SH:  5    Dex: 18    Spells: 7/7 levels left

rFire   . . .        a - +3 hand axe (venom)
rCold   + . .        c - orb {light}
rNeg    . . .        (body armour unavailable)
rPois   .            (helmet restricted)
rElec   .            (no cloak)
rCorr   +            (no gloves)
SInv    .            (no boots)
Will    .....        g - amulet of reflection
Stlth   +            d - ring of Ofennuir {rCorr Dex+4}
HPRegen 0.30/turn    (no ring)
MPRegen 0.11/turn

%: reflection
@: mighty, glowing, studying Translocations
A: breathe frost, AC +6, unfitting armour, cold resistance 1, cold-blooded
a: Breathe Frost, Renounce Religion, Heroism


You were on level 6 of the Dungeon.
You worshipped Okawaru.
Okawaru was most pleased with you.
You visited 1 branch of the dungeon, and saw 6 of its levels.

You collected 893 gold pieces.

Inventory:

Hand Weapons
 a - a +3 hand axe of venom (weapon)
Armour
 c - an orb of light (worn)
Jewellery
 d - the ring of Ofennuir (left hand) {rCorr Dex+4}
   (You acquired it on level 5 of the Dungeon)

   [ring of resist corrosion]

   Dex+4:     It affects your dexterity (+4).
   rCorr:     It protects you from acid and corrosion.
 g - an amulet of reflection (around neck)
 l - a +6 ring of intelligence
Scrolls
 m - a scroll of brand weapon
 r - 2 scrolls of teleportation
Potions
 e - a potion of enlightenment
 h - 3 potions of curing
 i - a potion of lignification
 k - a potion of might
 o - 2 potions of attraction
 p - a potion of cancellation {unknown}


   Skills:
 + Level 3.3 Fighting
 + Level 10.4 Axes
 + Level 2.7 Dodging
 + Level 0.6 Translocations


You had 7 spell levels left.
You didn't know any spells.
Your spell library contained the following spells:

 Spells                   Type           Power      Damage    Failure   Level
 Sandblast                Erth           0%         2d4       34%         1
 Volatile Blastmotes      Fire/Tloc      0%         2d10      67%         3
 Dazzling Flash           Conj/Hex       0%         N/A       71%         3
 Passwall                 Erth           0%         N/A       71%         3
 Stone Arrow              Conj/Erth      0%         3d7       71%         3
 Brom's Barrelling Bould  Conj/Erth      0%         2d3       98%         4
 Starburst                Conj/Fire      0%         6d3       100%        6
 Lehudib's Crystal Spear  Conj/Erth      0%         10d2      100%        8
 Maxwell's Capacitive Co  Air            0%         ∞         100%        8
 Animate Armour           Summ/Erth      Unusable   N/A       N/A         4

Dungeon Overview and Level Annotations

Branches:
Dungeon (6/15)
 Temple: D:4-7

Altars:
Cheibriados
Fedhas
Gozag
Nemelex Xobeh
Okawaru
Qazlal
Uskayaw
Wu Jian

Shops:
D:3 [   D:5 =


Innate Abilities, Weirdness & Mutations

You can breathe waves of freezing cold which knock back foes.
Your icy white scales are hard. (AC +6)
You cannot fit into any form of body armour.
Your flesh is cold resistant. (rC+)
You are cold-blooded and may be slowed by cold attacks.


Message History

The gnoll is no longer moving quickly. x3; The gnoll sergeant misses you.
The gnoll hits you with a +0 flail!
* * * LOW HITPOINT WARNING * * *
You feel very mighty all of a sudden.
The gnoll sergeant hits you from afar with a +0 spear.
* * * LOW HITPOINT WARNING * * *
The gnoll closely misses you.
You are confused.
You feel invigorated.
The gnoll is no longer moving quickly. x2
The gnoll sergeant hits you from afar with a +0 spear.
* * * LOW HITPOINT WARNING * * *
The gnoll closely misses you.
You're too confused to move!
Your attacks no longer feel as feeble.
The gnoll sergeant is no longer moving quickly.
You kill the gnoll!
Okawaru accepts your kill.
The gnoll sergeant hits you from afar with a +0 spear.
* * * LOW HITPOINT WARNING * * *
You closely miss the gnoll. You tail-slap the gnoll.
The gnoll is heavily wounded.
The gnoll sergeant hits you but does no damage.
The gnoll closely misses you.
You bump into the rock wall.
The gnoll sergeant hits you from afar with a +0 spear!
* * * LOW HITPOINT WARNING * * *
The gnoll barely misses you.
You slash the gnoll!
You kill the gnoll!
Okawaru accepts your kill.
The gnoll sergeant hits you from afar with a +0 spear!
* * * LOW HITPOINT WARNING * * *
You feel less invigorated.
You feel less confused. The gnoll hits you with a +0 club.
* * * LOW HITPOINT WARNING * * *
The gnoll hits you from afar with a +0 spear.
* * * LOW HITPOINT WARNING * * *
The gnoll sergeant hits you with a +0 spear!
You die...

#........
#.......#
#.......#
#.......#
#......#
#.....g#
#...5gg#
#....gg#####.#
#...ggg@.....#
###.#g########
#.#.# #.#.#
#.#.# #.# #.#
#.# #.#


You could see a gnoll sergeant, a gnoll bouda, 7 gnolls and a white imp.

Vanquished Creatures
  Eustachio (D:4)
  An ogre (D:4)
  A phantom (D:4)
  5 scorpions
  A bombardier beetle (D:3)
  2 hounds
  2 orc priests (D:4)
  2 sleepcaps
  4 iguanas (D:5)
  2 orc wizards
  7 gnolls
  12 adders
  2 dart slugs
  5 ribbon worms
  16 orcs
  4 endoplasms
  5 giant cockroaches
  10 goblins
  6 hobgoblins
  3 jackals (D:3)
  3 quokkas
  8 ball pythons
  8 bats
  4 frilled lizards
  5 kobolds
  5 rats
124 creatures vanquished.

Notes
Turn   | Place    | Note
-------+----------+-------------------------------------------
     0 | D:1      | Remcycle the Draconian Monk began the quest for the Orb.
     0 | D:1      | Reached XP level 1. HP: 19/19 MP: 1/1
   171 | D:1      | Reached XP level 2. HP: 24/26 MP: 2/2
   557 | D:1      | Reached skill level 4 in Axes
   851 | D:2      | Reached XP level 3. HP: 21/31 MP: 3/3
  1126 | D:2      | Reached XP level 4. HP: 38/38 MP: 4/4
  1205 | D:2      | Reached skill level 5 in Axes
  1441 | D:3      | Noticed a scorpion
  1458 | D:3      | Killed a scorpion
  1588 | D:3      | Reached XP level 5. HP: 42/45 MP: 5/5
  1652 | D:3      | Found Oqysoaju's Armour Emporium.
  1772 | D:3      | Found an ornate altar of the Wu Jian Council.
  1776 | D:3      | Found an iron altar of Okawaru.
  1778 | D:3      | Found a blossoming altar of Fedhas.
  1785 | D:3      | Found a sparkling altar of Nemelex Xobeh.
  1800 | D:3      | Found a hide-covered altar of Uskayaw.
  1889 | D:3      | Reached skill level 6 in Axes
  1996 | D:3      | Identified the +0 leather armour of a wizard's laboratory
                  | {rF+ rC+ rCorr Int-5 Dex+3}
  2234 | D:3      | Became a worshipper of Warmaster Okawaru
  2234 | D:3      | Reached * piety under Okawaru
  2234 | D:3      | Reached ** piety under Okawaru
  2315 | D:4      | Noticed Eustachio
  2343 | D:4      | Killed Eustachio
  2344 | D:4      | Reached skill level 7 in Axes
  2344 | D:4      | Reached XP level 6. HP: 18/51 MP: 6/6
  2672 | D:4      | Reached skill level 8 in Axes
  2692 | D:4      | Your scales start taking on an icy white colour.
  2692 | D:4      | Reached XP level 7. HP: 57/57 MP: 7/7
  2692 | D:4      | Gained mutation: Your flesh is cold resistant. (rC+) [White
                  | Draconian growth]
  2989 | D:4      | Found a stormy altar of Qazlal.
  3181 | D:4      | Reached *** piety under Okawaru
  3342 | D:4      | Reached skill level 9 in Axes
  3775 | D:5      | Entered Level 5 of the Dungeon
  3839 | D:5      | Identified 2 scrolls of acquirement
  3839 | D:5      | Acquired the ring of Ofennuir {rCorr Dex+4}
  3842 | D:5      | Acquired 626 gold pieces
  3861 | D:5      | Found an opulent altar of Gozag.
  3944 | D:5      | Found Derhuatu's Jewellery Shoppe.
  4177 | D:5      | Reached XP level 8. HP: 58/63 MP: 8/8
  4239 | D:5      | Reached skill level 10 in Axes
  4240 | D:5      | Identified the +2 war axe of Arbitration {freeze, *Slow rC+
                  | Str+4}
  4523 | D:5      | Found a snail-covered altar of Cheibriados.
  4966 | D:6      | Slain by a gnoll sergeant

Illustrated notes

Levels and vault maps discovered:
D:1:      dpeg_arrival_arbitrary_b, layout_loops_ring, minivault_23
D:2:      layout_loops_ring, minmay_domino_4
D:3:      layout_basic, minmay_overflow_temple_star_hex, serial_shops, shop
D:4:      layout_basic, mainiacjoe_overflow_alcove_4, serial_bayou,
          serial_bayou_pond_e, serial_bayou_shore_b, serial_bayou_shore_b,
          serial_bayou_pond_e, serial_bayou_pond_c, kennysheep_cross_bottleneck,
          minmay_distorted, uniq_eustachio
D:5:      layout_basic, cheibrodos_worm_habitat, grunt_gozag_breadcrumbs,
          serial_shops, nicolae_shop_stone
D:6:      layout_basic, mainiacjoe_overflow_chevrons,
          nicolae_ossuary_entry_false_entrances, uniq_duvessa,
          uniq_blork_the_orc

Skill      XL: |  1  2  3  4  5  6  7  8 |
---------------+-------------------------+-----
Axes           | 4 5 7 8 9 10 | 10.4
Fighting       | |  3.3
Dodging        | |  2.7
Translocations | |  0.6

Action                     |  1- 3 |  4- 6 |  7- 9 || total
---------------------------+-------+-------+-------++-------
  Melee: Hand axe          |    87 |   111 |   133 ||   331
         Tailslap          |    10 |    15 |    27 ||    52
         War axe           |       |       |    21 ||    21
    Use: Scroll            |       |       |    13 ||    13
         Potion            |       |       |     2 ||     2
 Armour: Skin              |    53 |    70 |    85 ||   208
  Dodge: Dodged            |    47 |    62 |    75 ||   184

Table legend: (Time is in decaauts)
 A = Elapsed time spent in this place.
 B = Non-inter-level travel time spent in this place.
 C = Inter-level travel time spent in this place.
 D = Time resting spent in this place.
 E = Time spent auto-exploring this place.
 F = Levels seen in this place.
 G = Mean time per level.
                   A        B        C        D        E       F      G
               +--------+--------+--------+--------+--------+-----+--------+
         Total |   4974 |   4781 |    193 |    500 |   3546 |   6 |  829.0 |
       Dungeon |   4974 |   4781 |    193 |    500 |   3546 |   6 |  829.0 |
               +--------+--------+--------+--------+--------+-----+--------+

Top non-repeatable levels by time:
     D:4: 1540 daAuts
     D:5: 1072 daAuts
     D:3: 922 daAuts
     D:2: 723 daAuts
     D:1: 627 daAuts
     D:6: 88 daAuts
